 Dungeon Crawl Stone Soup version 0.29.1-14-g9c671dbff4 (webtiles) character file.

Game seed: 13856505984318998709

19306 112233 the Eclecticist (level 12, -9/72 HPs)
             Began as a Deep Elf Summoner on Feb 13, 2023.
             Was a Priest of Sif Muna.
             Killed from afar by a tengu reaver (38 damage)
             ... with a bolt of lightning
             ... on level 12 of the Dungeon.
             The game lasted 00:29:15 (20692 turns).

112233 the Eclecticist (Deep Elf Summoner)         Turns: 20692, Time: 00:29:16

Health: -9/72      AC:  8    Str:  5    XL:     12   Next: 35%
Magic:  31/43      EV: 20    Int: 31    God:    Sif Muna [***...]
Gold:   152        SH:  0    Dex: 21    Spells: 25/42 levels left

rFire   . . .      SeeInvis +   A - +2 dagger (speed)
rCold   . . .      Faith    .   (no shield)
rNeg    . . .      Spirit   .   a - +0 robe
rPois   .          Reflect  .   Z - +3 hat of Pondering {ponderous, Will+ MP+10 Int+5}
rElec   .          Harm     .   e - +0 cloak
rCorr   .          Rampage  .   V - +0 pair of gloves
Will    ++...                   f - +0 pair of boots
Stlth   ++........              (no amulet)
HPRegen 0.22/turn               l - +6 ring of dexterity
MPRegen 0.28/turn               y - ring of see invisible

@: slow
A: no striking features
a: Renounce Religion, Channel Magic, Forget Spell


You were on level 12 of the Dungeon.
You worshipped Sif Muna.
Sif Muna was most pleased with you.
You visited 2 branches of the dungeon, and saw 13 of its levels.

You collected 717 gold pieces.
You spent 565 gold pieces at shops.

Inventory:

Hand Weapons
 c - a +0 mace
 j - a +2 antimagic dagger
 A - a +2 dagger of speed (weapon)
 T - a +1 whip of electrocution
Armour
 a - a +0 robe (worn)
 e - a +0 cloak (worn)
 f - a +0 pair of boots (worn)
 M - a +0 chain mail
 V - a +0 pair of gloves (worn)
 Z - the +3 hat of Pondering (worn) {ponderous, Will+ MP+10 Int+5}
   (You took it off Gastronok on level 10 of the Dungeon)

   Int:       It affects your intelligence (+5).
   MP:        It affects your magic capacity (+10).
   Will:      It increases your willpower.
Magical Staves
 D - a staff of cold
 I - a staff of fire
 U - a staff of earth
Jewellery
 l - a +6 ring of dexterity (left hand)
 m - a ring of positive energy
 r - a +6 ring of strength
 y - a ring of see invisible (right hand)
 C - an amulet of guardian spirit
 G - a ring of resist corrosion
Wands
 z - a wand of polymorph (10)
 O - a wand of charming (17)
 S - a wand of iceblast (10)
 W - a wand of light (4)
Scrolls
 g - 2 scrolls of enchant weapon
 h - 2 scrolls of vulnerability
 i - 3 scrolls of enchant armour {unknown}
 k - a scroll of torment {unknown}
 n - 4 scrolls of poison
 o - a scroll of summoning {unknown}
 p - 3 scrolls of butterflies
 u - 7 scrolls of amnesia
 w - a scroll of brand weapon {unknown}
 E - 4 scrolls of teleportation
 F - 3 scrolls of magic mapping {unknown}
 K - 3 scrolls of blinking
 Q - a scroll of noise
 X - 3 scrolls of identify
 Y - a scroll of fear
Potions
 b - 3 potions of magic
 d - a potion of ambrosia
 q - 7 potions of attraction {unknown}
 s - 4 potions of brilliance {unknown}
 t - 4 potions of might
 v - 3 potions of mutation {unknown}
 x - a potion of cancellation
 B - 2 potions of invisibility {unknown}
 H - 2 potions of berserk rage {unknown}
 J - 3 potions of curing
 L - a potion of resistance {unknown}
 N - 5 potions of lignification
 P - 6 potions of heal wounds
 R - 2 potions of degeneration {unknown}


   Skills:
 + Level 7.1 Fighting
 + Level 10.5 Dodging
 - Level 2.5 Stealth
 * Level 15.9 Spellcasting
 + Level 10.5 Summonings
 + Level 5.7 Air Magic
 + Level 5.2 Earth Magic


You had 25 spell levels left.
You knew the following spells:

 Your Spells              Type           Power      Damage    Failure   Level
a - Summon Lightning Spi  Summ/Air       66%        N/A       1%          4
b - Animate Armour        Summ/Erth      100%       N/A       1%          4
c - Call Canine Familiar  Summ           74%        N/A       1%          3
d - Summon Guardian Gole  Hex/Summ       55%        N/A       1%          3
e - Summon Small Mammal   Summ           100%       N/A       1%          1
f - Call Imp              Summ           74%        N/A       1%          2

Your spell library contained the following spells:

 Spells                   Type           Power      Damage    Failure   Level
 Beastly Appendage        Tmut           48%        N/A       1%          1
 Foxfire                  Conj/Fire      96%        2x1d8     1%          1
 Stone Arrow              Conj/Erth      82%        3d12      1%          3
 Sublimation of Blood     Necr           24%        N/A       2%          2
 Wereblood                Tmut           24%        N/A       2%          2
 Conjure Flame            Conj/Fire      24%        6-21      5%          3
 Gell's Gravitas          Tloc           24%        N/A       5%          3
 Inner Flame              Hex/Fire       24%        N/A       5%          3
 Lesser Beckoning         Tloc           24%        N/A       5%          3
 Portal Projectile        Hex/Tloc       48%        N/A       5%          3
 Spider Form              Tmut/Pois      24%        N/A       5%          3
 Teleport Other           Tloc           24%        N/A       5%          3
 Leda's Liquefaction      Hex/Erth       20%        N/A       6%          4
 Anguish                  Hex/Necr       12%        N/A       19%         4
 Flame Wave               Conj/Fire      24%        2d8       19%         4
 Blade Hands              Tmut           12%        N/A       45%         5
 Fireball                 Conj/Fire      12%        3d7       45%         5
 Iron Shot                Conj/Erth      20%        9d5       67%         6
 Starburst                Conj/Fire      12%        6d5       95%         6
 Ignition                 Fire           12%        3d6       100%        8
 Infestation              Necr           12%        N/A       100%        8
 Lehudib's Crystal Spear  Conj/Erth      20%        10d6      100%        8


Dungeon Overview and Level Annotations

Branches:
Dungeon (12/15)            Temple (1/1) D:7            Lair (0/5) D:10
    Orc (0/2) D:12

Altars:
Ashenzari
Cheibriados
Dithmenos
Elyvilon
Fedhas
Gozag
Hepliaklqana
Kikubaaqudgha
Makhleb
Nemelex Xobeh
Okawaru
Qazlal
Ru
Sif Muna
Trog
Uskayaw
Vehumet
Wu Jian
Xom
Yredelemnul
Zin
The Shining One

Shops:
D:5 *?   D:6 **   D:11 *   D:12 *

Portals:
Trove: D:10 (give horn of Geryon)

Annotations:
D:7 exclusion: downstairs
D:9 exclusion: 2 downstairs


Message History

The tengu reaver hits your warg with a +2 great sword of holy wrath!!!
Your warg dies!
Your warg's corpse disappears in a puff of smoke!
The tengu reaver points at you and mumbles some strange words.
The bolt of negative energy misses you.
Unknown command.
Unknown command.
Your animated robe hits the tengu reaver but does no damage.
Your animated robe hits the tengu reaver.
The tengu reaver points at you and mumbles some strange words.
The bolt of lightning hits you!!
There is a large open door, spattered with blood here.
Things that are here:
a +0 long sword; a +0 leather armour; an elf corpse Unknown command.
Casting: Animate Armour (mildly dangerous; 1% risk of failure)
Confirm with . or Enter, or press ? or * to list all spells.
Your animated robe hits the tengu reaver but does no damage.
Your animated robe hits the tengu reaver.
The tengu reaver hits your warg with a +2 great sword of holy wrath!!
The tengu reaver pecks your warg. The tengu reaver claws your warg.
Your warg dies!
Your warg's corpse disappears in a puff of smoke!
Your animated robe hits the tengu reaver but does no damage.
Your animated robe hits the tengu reaver.
Unknown command.
The tengu reaver attacks as you move away!
The tengu reaver hits you with a +2 great sword of holy wrath!!
The tengu reaver completely misses you. The tengu reaver claws you.
The tengu reaver points at you and mumbles some strange words.
The bolt of negative energy misses you.
Your animated robe hits the tengu reaver but does no damage.
Your animated robe hits the tengu reaver.
Unknown command.
Casting: Call Canine Familiar (safe; 1% risk of failure)
Confirm with . or Enter, or press ? or * to list all spells.
The tengu reaver gestures at you while chanting.
The bolt of lightning hits you!!!
Ouch! That really hurt!
You die...

####)..# ########.####
#.......)...#### ##
#..........##..###..##
###..........#....'....#
#............#8.[†'....#
..#..........##.Q###..##
###...........#')# +#
#..........##.@###..##
#..........#....#.$[.#
#..........#.).h#.$$.#
######.....##..###..##
#.###..#''# ## ...
##....# .... ###### ..


You could see a tengu reaver (ally target), a friendly animated robe (summoned),
a friendly warg (summoned) and a friendly lightning spire (summoned).

Vanquished Creatures
  An adder (D:3)
  A hobgoblin (D:1)
  A jackal (D:1)
  A quokka (D:1)
4 creatures vanquished.

Vanquished Creatures (collateral kills)
  Gastronok (D:10)
  A hydra (D:12)
  4 two-headed ogres
  Pikel (D:6)
  A deep elf pyromancer (D:12)
  2 cyclopes
  An ugly thing (D:10)
  Joseph (D:7)
  A kobold demonologist (D:8)
  A komodo dragon (D:10)
  3 unseen horrors (D:12)
  5 trolls
  Prince Ribbit (D:8)
  3 hornets
  6 slime creatures (D:12)
  A shadow (D:12)
  A wraith (D:11)
  2 wyverns
  Eustachio (D:4)
  18 yaks
  A basilisk (D:11)
  A steam dragon (D:7)
  5 vampire mosquitoes
  Menkaure (D:7)
  An acid dragon (D:10)
  3 orc warriors
  2 black bears (D:6)
  A sky beast (D:8)
  An ogre (D:7)
  A centaur (D:8)
  A lemure (D:6)
  Blork the orc (D:6)
  2 phantoms
  2 kobold brigands
  A gnoll sergeant (D:11)
  2 scorpions (D:7)
  2 necrophages
  15 wights
  11 killer bees
  2 electric eels (D:6)
  3 howler monkeys (D:12)
  2 jellies
  2 hounds
  2 orc priests
  A gnoll bouda (D:6)
  2 iguanas (D:5)
  13 orc wizards
  2 adders
  12 gnolls
  A shadow imp (D:3)
  A white imp (D:6)
  2 ufetubi
  A worm (D:2)
  2 dart slugs
  40 orcs
  10 endoplasms
  2 giant cockroaches
  11 goblins
  9 hobgoblins
  8 jackals
  14 kobolds
  3 quokkas
  A ball python (D:3)
  6 bats
  5 frilled lizards
  8 rats
274 creatures vanquished.

Vanquished Creatures (others)
  An ugly thing (D:12)
  A lemure (D:6)
  3 killer bees (D:7)
  2 orcs (D:6)
  2 goblins (D:7)
  5 plants (D:10)
14 creatures vanquished.

Grand Total: 292 creatures vanquished

Notes
Turn   | Place    | Note
-------+----------+-------------------------------------------
     0 | D:1      | 112233 the Deep Elf Summoner began the quest for the Orb.
     0 | D:1      | Reached XP level 1. HP: 10/10 MP: 6/6
     7 | D:1      | Noticed a salamander
     7 | D:1      | Noticed a scorpion
   509 | D:1      | Reached XP level 2. HP: 15/15 MP: 4/8
   512 | D:1      | Learned a level 2 spell: Call Imp
   889 | D:1      | Reached skill level 4 in Spellcasting
   915 | D:1      | Found a faded altar of an unknown god.
  1155 | D:1      | Reached XP level 3. HP: 16/19 MP: 5/10
  1738 | D:1      | Learned a level 3 spell: Call Canine Familiar
  3720 | D:3      | Reached XP level 4. HP: 24/24 MP: 8/12
  4004 | D:3      | Reached skill level 5 in Spellcasting
  4248 | D:3      | Reached skill level 5 in Summonings
  4463 | D:3      | Learned a level 3 spell: Summon Guardian Golem
  4615 | D:3      | Got the Codex of the Ghoulish Coals
  4768 | D:4      | You fall into a shaft and drop 3 floors!
  4835 | D:7      | Noticed Joseph
  4898 | D:7      | Reached skill level 1 in Fighting
  4898 | D:7      | Reached XP level 5. HP: 29/29 MP: 9/14
  5032 | D:7      | Reached skill level 6 in Spellcasting
  5078 | D:7      | Reached XP level 6. HP: 12/34 MP: 12/17
  5741 | D:7      | Noticed a steam dragon
  5755 | D:7      | Reached skill level 7 in Spellcasting
  6083 | D:7      | Reached XP level 7. HP: 25/40 MP: 10/19
  6317 | D:7      | Learned a level 4 spell: Summon Lightning Spire
  6323 | D:7      | Found a staircase to the Ecumenical Temple.
  6350 | Temple   | Entered the Ecumenical Temple
  6383 | Temple   | Became a worshipper of Sif Muna the Loreminder
  6428 | D:7      | Killed Joseph
  6429 | D:7      | Reached skill level 5 in Dodging
  6429 | D:7      | Reached skill level 8 in Spellcasting
  6435 | D:7      | Reached XP level 8. HP: 46/46 MP: 10/22
  6435 | D:7      | Noticed Menkaure
  6735 | D:5      | Entered Level 5 of the Dungeon
  7234 | D:4      | Noticed Eustachio
  7243 | D:4      | Reached skill level 9 in Spellcasting
  7464 | D:4      | Killed Eustachio
  7465 | D:4      | Reached skill level 1 in Air Magic
  7651 | D:4      | Found a basalt altar of Yredelemnul.
  7657 | D:4      | Found a hazy altar of Hepliaklqana.
  8056 | D:5      | Found an ancient bone altar of Kikubaaqudgha.
  8259 | D:5      | Found a sacrificial altar of Ru.
  8284 | D:5      | Reached * piety under Sif Muna
  8453 | D:5      | Found Etipsuxko's General Store.
  8463 | D:5      | Bought a +0 chain mail for 63 gold pieces
  8463 | D:5      | Bought a scroll of teleportation for 42 gold pieces
  8463 | D:5      | Bought a scroll of teleportation for 42 gold pieces
  8463 | D:5      | Bought a potion of curing for 42 gold pieces
  8518 | D:5      | Found Nywanoli's Magic Scroll Shop.
  9082 | D:5      | Found Cutal's Armour Emporium.
  9755 | D:6      | Reached skill level 10 in Spellcasting
 10033 | D:6      | Found a hide-covered altar of Uskayaw.
 10061 | D:6      | Noticed Pikel
 10071 | D:6      | Reached XP level 9. HP: 52/52 MP: 19/25
 10076 | D:6      | Noticed Blork the orc
 10084 | D:6      | Killed Blork the orc
 10198 | D:6      | Killed Pikel
 11480 | D:7      | Killed Menkaure
 11539 | D:7      | Reached skill level 11 in Spellcasting
 11983 | D:6      | Found Hois's Specific Store.
 11985 | D:6      | Found Pilug's General Store.
 11989 | D:6      | Bought a scroll of butterflies for 56 gold pieces
 13152 | D:7      | Learned a level 4 spell: Animate Armour
 13274 | D:8      | Reached XP level 10. HP: 22/58 MP: 22/27
 13622 | D:8      | Reached skill level 12 in Spellcasting
 13884 | D:8      | Noticed Prince Ribbit
 13890 | D:8      | Killed Prince Ribbit
 13891 | D:8      | Reached skill level 5 in Fighting
 14148 | D:9      | Noticed a two-headed ogre
 14309 | D:9      | Reached ** piety under Sif Muna
 14623 | D:9      | Killed a two-headed ogre
 14813 | D:9      | Reached skill level 13 in Spellcasting
 15465 | D:10     | Entered Level 10 of the Dungeon
 15465 | D:10     | Noticed Gastronok
 15629 | D:10     | Noticed a two-headed ogre
 15645 | D:10     | Killed a two-headed ogre
 15646 | D:10     | Reached skill level 1 in Earth Magic
 15973 | D:10     | Noticed a red ugly thing
 16230 | D:11     | Noticed a two-headed ogre
 16269 | D:11     | Killed a two-headed ogre
 16270 | D:11     | Reached XP level 11. HP: 64/64 MP: 18/30
 16533 | D:10     | Found a portal to a secret trove of treasure.
 16607 | D:10     | Reached skill level 14 in Spellcasting
 17274 | D:10     | Killed a red ugly thing
 17467 | D:10     | Found a staircase to the Lair.
 17530 | D:10     | Killed Gastronok
 17877 | D:11     | Found Conavica's Assorted Antiques.
 17882 | D:11     | Bought 2 potions of heal wounds for 320 gold pieces
 18415 | D:11     | Noticed a two-headed ogre
 18428 | D:11     | Killed a two-headed ogre
 18730 | D:12     | Reached skill level 15 in Spellcasting
 18739 | D:12     | Reached skill level 10 in Summonings
 18743 | D:12     | Reached *** piety under Sif Muna
 19004 | D:12     | Reached skill level 5 in Air Magic
 19034 | D:12     | Reached skill level 10 in Dodging
 19253 | D:12     | Noticed a four-headed hydra
 19264 | D:12     | Reached XP level 12. HP: 71/71 MP: 33/33
 19281 | D:12     | Killed a four-headed hydra
 19431 | D:12     | Found Vafro's General Store.
 19902 | D:12     | Reached skill level 5 in Earth Magic
 20001 | D:12     | Found a staircase to the Orcish Mines.
 20480 | D:12     | Noticed a tengu reaver
 20692 | D:12     | Killed from afar by a tengu reaver

Illustrated notes

Levels and vault maps discovered:
D:1:      onia_arrival_zoo_common, layout_loops_corners,
          hellmonk_ecumenical_altar_leap_of_faith, minmay_pentomino_u4
D:2:      layout_basic
D:3:      layout_basic, minmay_randomly_rotated_circles
D:4:      layout_cave_pools, grunt_temple_overflow_open, uniq_eustachio
D:5:      layout_layer_cave, nicolae_ru_great_annihilating_truth,
          old_standard_altar, serial_shops, nicolae_shop_hallway_stairs,
          kennysheep_mini, shop
D:6:      layout_gridville, nicolae_uskayaw_murder_on_the_dancefloor,
          nicolae_specific_store, minmay_misc_feat_rugged, minivault_4,
          dreamdust_mushroom_princess, uniq_blork_the_orc, uniq_pikel
D:7:      layout_loops_ring, minmay_temple_entry_drinking_statues,
          enter_bailey_3, st_stairs_14, kennysheep_flooded_box, uniq_joseph,
          uniq_menkaure
D:8:      layout_rooms, minmay_microvault, uniq_prince_ribbit1
D:9:      layout_roguey, billiards_dpeg
D:10:     layout_roguey, david_lair_shrubbed, enter_trove_2, uniq_gastronok
D:11:     layout_stronghold, serial_shops, nicolae_shop_hallway_plus
D:12:     layout_roguey, orc_0_dummy, serial_shops,
          nicolae_shop_window_shopping, kennysheep_four_rooms
Temple:   sentei_temple_godly_chess

Skill      XL: |  1  2  3  4  5  6  7  8  9 10 11 12 |
---------------+-------------------------------------+-----
Spellcasting   | 4 5 6 7 8 10 11 13 15 | 15.9
Summonings     | 5 6 7 8 9 10 | 10.5
Dodging        | 3 4 5 6 7 9 10 | 10.5
Fighting       | 1 2 3 4 5 6 7 |  7.1
Air Magic      | 2 4 5 |  5.7
Earth Magic    | 2 4 5 |  5.2
Stealth        | |  2.5

Action                   |  1- 3 |  4- 6 |  7- 9 | 10-12 || total
-------------------------+-------+-------+-------+-------++-------
Melee: Mace              |     9 |     1 |    11 |       ||    21
       Punch             |     1 |       |     1 |       ||     2
       Dagger            |       |       |       |    27 ||    27
 Cast: Summon Small Mamm |    72 |    29 |    19 |       ||   120
       Call Imp          |    27 |    24 |    33 |     1 ||    85
       Call Canine Famil |     1 |    15 |    49 |    58 ||   123
       Summon Guardian G |       |     3 |    31 |     7 ||    41
       Summon Lightning  |       |       |    12 |    76 ||    88
       Animate Armour    |       |       |     3 |    55 ||    58
Evoke: Wand              |       |       |     2 |       ||     2
  Use: Potion            |     2 |     1 |     3 |       ||     6
       Scroll            |       |     3 |     6 |     4 ||    13
 Stab: Distracted        |       |       |     2 |       ||     2
       Invisible         |       |       |     1 |       ||     1
Armor: Robe              |    19 |     3 |    20 |    21 ||    63
Dodge: Dodged            |    65 |     8 |   133 |   107 ||   313
